 Dungeon Crawl Stone Soup version 0.17-a0-1882-g750edc8 (webtiles) character file.

472 Ijustatesigmund the Slinger (level 7, -4/44 HPs)
             Began as a Halfling Hunter on Sept 22, 2015.
             Shot with an arrow by a centaur (13 damage)
             ... on level 5 of the Dungeon.
             The game lasted 00:11:04 (4124 turns).

Ijustatesigmund the Slinger (Halfling Hunter)       Turns: 4124, Time: 00:11:04

Health: -4/44      AC:  3    Str: 12    XL:     7   Next: 31%
Magic:  7/7        EV: 14    Int: 10    God:
Gold:   253        SH:  0    Dex: 17    Spells: 0 memorised, 6 levels left

rFire  . . .     SeeInvis .     a - +1 hunting sling
rCold  . . .     Clarity  .     d - +0 leather armour
rNeg   + . .     SustAt   .     (shield restricted)
rPois  .         Gourm    .     (no helmet)
rElec  .         Spirit   .     (no cloak)
rCorr  .         Warding  .     (no gloves)
rMut   .         Stasis   .     (no boots)
MR     .....                    (no amulet)
Stlth  ++++......               g - ring of stealth
                                k - ring of positive energy

@: not resistant to hostile enchantments, stealthy
A: mutation resistance 1
a: no special abilities


You were on level 5 of the Dungeon.
You were not hungry.

You visited 1 branch of the dungeon, and saw 5 of its levels.

You collected 253 gold pieces.

Inventory:

Hand weapons
 a - a +1 hunting sling (weapon)
 c - a +0 short sword
Missiles
 h - 79 stones (quivered)
 i - 9 steel sling bullets
Armour
 d - a +0 leather armour (worn)
Jewellery
 f - an uncursed ring of sustain attributes
 g - a ring of stealth (right hand)
 k - a ring of positive energy (left hand)
Scrolls
 j - 4 scrolls of remove curse
 n - a scroll of random uselessness {unknown}
 o - a scroll of teleportation {unknown}
 s - 2 scrolls of amnesia {unknown}
 t - a scroll of enchant armour {unknown}
 u - 2 scrolls of identify
 w - a scroll of magic mapping {unknown}
Potions
 b - a potion of berserk rage {unknown}
 q - a potion of might
 r - a potion of cancellation {unknown}
Comestibles
 e - 3 bread rations
 p - 3 meat rations


   Skills:
 - Level 1.7 Fighting
 + Level 3.4 Short Blades
 + Level 10.1 Slings
 - Level 2.1 Dodging
 + Level 3.7 Stealth


You had 6 spell levels left.
You didn't know any spells.

Dungeon Overview and Level Annotations

Branches:
Dungeon (5/15)
 Temple: D:4-7

Altars:
Ashenzari
Elyvilon
Fedhas
Yredelemnul
The Shining One

Annotations:
D:4 BagelWarrior's ghost, experienced GrFi


Innate Abilities, Weirdness & Mutations

You are small and have problems with some larger weapons.
You are somewhat resistant to further mutation.


Message History

You are too injured to fight recklessly!
You are too injured to fight recklessly!
You are too injured to fight recklessly!
You are too injured to fight recklessly!
You are too injured to fight recklessly!
You are too injured to fight recklessly!
You are too injured to fight recklessly!
You are too injured to fight recklessly!
You are too injured to fight recklessly!
You are too injured to fight recklessly!
You are too injured to fight recklessly!
You are too injured to fight recklessly!
You are too injured to fight recklessly!
Firing (i - inventory. (,) - cycle):
h - 80 stones (quivered)
Press: ? - help, Shift-Dir - straight line, f/p - hound
Aim: a hound (almost dead)
You shoot a stone. The stone hits the hound.
You kill the hound!
The centaur shoots an arrow.
The arrow hits you!
You die...

.. ##########+###
...
........#....##...
.......<#........
........#.(......
........'....#
.......(#...(#
........#.(..+
........###@##
#+###+#...(........
+.>.c(..##+##
#....(..+ #(...(..#
#.......# #.....(..
##+##+##..


You could see a centaur.

Vanquished Creatures
  An ice beast (D:3)
  A sky beast (D:3)
  A centaur (D:3)
  An orc wizard (D:3)
  A hound (D:5)
  Robin (D:3)
  3 gnolls (D:2)
  2 adders
  2 oozes
  2 worms
  3 giant geckos
  9 orcs (D:3)
  6 bats
  6 giant cockroaches
  18 goblins
  7 hobgoblins
  4 giant newts
  5 kobolds
  3 quokkas
  11 rats
87 creatures vanquished.

Notes
Turn   | Place    | Note
--------------------------------------------------------------
     0 | D:1      | Ijustatesigmund the Halfling Hunter began the quest for the Orb.
     0 | D:1      | Reached XP level 1. HP: 14/14 MP: 1/1
    33 | D:1      | Reached skill level 6 in Slings
    50 | D:1      | Reached XP level 2. HP: 17/19 MP: 2/2
   404 | D:1      | Reached skill level 7 in Slings
   404 | D:1      | Reached XP level 3. HP: 24/24 MP: 3/3
   934 | D:2      | Found a basalt altar of Yredelemnul.
  1105 | D:2      | Reached XP level 4. HP: 19/29 MP: 4/4
  1141 | D:3      | Reached skill level 8 in Slings
  1526 | D:3      | Reached XP level 5. HP: 14/34 MP: 5/5
  1848 | D:3      | Found a faded altar to an unknown god.
  1978 | D:3      | Reached skill level 9 in Slings
  2029 | D:3      | Noticed Robin
  2486 | D:3      | Found a glowing golden altar of the Shining One.
  2486 | D:3      | Noticed a sky beast
  2497 | D:3      | Killed a sky beast
  2497 | D:3      | Reached skill level 1 in Short Blades
  2497 | D:3      | Reached XP level 6. HP: 39/39 MP: 6/6
  2770 | D:3      | Found a blossoming altar of Fedhas.
  2775 | D:3      | Found a shattered altar of Ashenzari.
  2782 | D:3      | Noticed a centaur
  2800 | D:3      | Killed a centaur
  3038 | D:3      | Noticed an ice beast
  3040 | D:3      | Killed Robin
  3065 | D:3      | Killed an ice beast
  3065 | D:3      | Reached skill level 10 in Slings
  3065 | D:3      | Reached XP level 7. HP: 7/44 MP: 7/7
  3624 | D:4      | Noticed BagelWarrior's ghost (experienced GrFi)
  4014 | D:4      | Found a white marble altar of Elyvilon.
  4107 | D:5      | Entered Level 5 of the Dungeon
  4124 | D:5      | Shot with an arrow by a centaur

Vault maps used:
D:1:      dpeg_arrival_brainrot, serial_bayou_lagoon_b
D:2:      yredelemnul_altar_generic, first_bread
D:3:      grunt_temple_overflow_open, ecumenical_altar_1,
          nicolae_tso_carved_into_rock, uniq_robin
D:4:      elyvilon_altar_5, temple_green
D:5:      kennysheep_mini, lemuel_doored_altar, serial_shops, shop,
          dk_noncrumbling_3, minmay_misc_feat_tower

Action                   |  1- 3 |  4- 6 |  7- 9 || total
-------------------------+-------+-------+-------++-------
 Fire: Hunting sling     |    85 |   194 |    50 ||   329
  Use: Scroll            |     2 |       |       ||     2
       Potion            |       |     3 |       ||     3
  Eat: Chunk             |       |     5 |       ||     5
       Fruit             |       |     1 |     2 ||     3
       Beef jerky        |       |       |     1 ||     1
